 Dungeon Crawl Stone Soup version 0.31-a0-1008-g5b978dac0e (webtiles) character file.

Game seed: 5373178813445287861

43228 Gargoyl the Protected (level 14, -4/90 HPs)
             Began as a Gargoyle Berserker on Nov 12, 2023.
             Was a Priest of Trog.
             Slain by a spectral harpy (10 damage)
             ... called from beyond by a revenant
             ... on level 3 of the Abyss.
             The game lasted 00:23:44 (18023 turns).

Gargoyl the Protected (Gargoyle Berserker)         Turns: 18023, Time: 00:23:45

Health: -4/90      AC: 31    Str: 20    XL:     14   Next: 23%
Magic:  14/14      EV: 13    Int: 10    God:    Trog [***...]
Gold:   304        SH:  0    Dex: 19    Spells: 13/13 levels left

rFire   + . .        C - +1 hand axe (elec)
rCold   . . .        (no shield)
rNeg    + . .        h - +0 chain mail
rPois   ∞            d - +0 helmet
rElec   +            k - +0 cloak
rCorr   .            r - +1 pair of gloves {rF+}
SInv    .            j - +0 pair of boots
Will    +++..        (no amulet)
Stlth   x              - +6 ring of dexterity
HPRegen 1.35/turn    H - +4 ring of slaying
MPRegen 0.14/turn

%: no passive effects
@: strong-willed, on berserk cooldown, flying, regenerating, slowed, very slow
A: sickness immunity, AC +10, big wings, negative energy resistance 1,
electricity resistance, torment resistance 1, petrification resistance, mutation
resistance 1, [subdued magic 3]
a: Renounce Religion, Berserk, Trog's Hand


You were on level 3 of the Abyss.
You worshipped Trog.
Trog was most pleased with you.
You visited 2 branches of the dungeon, and saw 13 of its levels.
You visited the Abyss 1 time.

You collected 868 gold pieces.
You spent 564 gold pieces at shops.

Inventory:

Hand Weapons
 a - a +1 hand axe
 p - a +1 trident of flaming
 s - a +0 war axe
 v - a +5 long sword
 C - a +1 hand axe of electrocution (weapon)
Missiles
 e - 28 poisoned darts
 n - a throwing net
 w - 5 curare-tipped darts (quivered)
Armour
 d - a +0 helmet (worn)
 h - a +0 chain mail (worn)
 j - a +0 pair of boots (worn)
 k - a +0 cloak (worn)
 r - a +1 pair of gloves of fire resistance (worn)
Jewellery
 x - a +6 ring of dexterity (left hand)
 F - a +6 ring of dexterity
 H - a +4 ring of slaying (right hand)
Wands
 c - a wand of paralysis (2)
 t - a wand of flame (21)
 z - a wand of digging (5)
Scrolls
 i - 7 scrolls of teleportation
 u - 7 scrolls of identify
 y - a scroll of vulnerability
 I - a scroll of enchant armour
Potions
 b - 5 potions of heal wounds
 f - 2 potions of haste
 g - 5 potions of curing
 l - a potion of ambrosia
 m - 3 potions of might
 o - a potion of brilliance
 q - 2 potions of lignification
 B - a potion of attraction
 D - a potion of magic


   Skills:
 + Level 11.0 Fighting
 + Level 5.0 Long Blades
 + Level 13.0(13.1) Axes
 + Level 1.2(8.5) Polearms
 + Level 1.6 Throwing
 * Level 14.5 Armour
 * Level 8.8 Dodging
 + Level 1.9 Stealth
 + Level 0.5 Evocations


You had 13 spell levels left.
You didn't know any spells.
Your spell library was empty.

Dungeon Overview and Level Annotations

Branches:
Dungeon (8/15)             Temple (0/1) D:5            Lair (5/5) D:8
 Shoals (0/4) Lair:3        Snake (0/4) Lair:3        Slime (0/5) Lair:5

Altars:
Ashenzari
Cheibriados
Elyvilon
Gozag
Nemelex Xobeh
Okawaru
Ru
Trog
Vehumet
Zin
The Shining One
Jiyva
Lugonu

Shops:
D:4 *

Portals:
Abyss: Lair:5*

Annotations:
Lair:5 1 transporter, Conn's ghost, journeyman OpFE


Innate Abilities, Weirdness & Mutations

You are immune to sickness and miasma.
Your stone body is resilient. (AC +10)
You are immune to poison.
Your large and strong wings let you fly.
You resist negative energy. (rN+)
You are resistant to electric shocks. (rElec)
You are resistant to unholy torment.
You are immune to petrification.
You are somewhat resistant to further mutation.
[Your spells are much easier to cast, but much less powerful.]


Message History

You are no longer berserk.
You are exhausted.
You feel yourself slow down.
A revenant comes into view.
The revenant shouts!
The revenant barely misses you.
Your skin crawls.
You feel strong-willed.
The revenant conjures spectral mists around you.
The spectral mist engulfs you but does no damage.
You hit the revenant but do no damage. Lightning courses through the revenant!
The revenant is lightly damaged.
You are engulfed in spectral mist.
The revenant completely misses you.
Unknown command.
You hit the revenant. Lightning courses through the revenant!
The revenant is moderately damaged.
You hit the spectral harpy.
You are engulfed in spectral mist.
The spectral shard shrike claws you. The revenant closely misses you.
The spectral shard shrike claws you.
Unknown command.
You slash the revenant! Lightning courses through the revenant!
The revenant is heavily damaged.
You barely miss the spectral shard shrike.
You hit the spectral harpy.
You are engulfed in spectral mist.
The spectral shard shrike claws you. The spectral harpy misses you.
The spectral harpy claws you but does no damage.
The spectral shard shrike claws you!
* * * LOW HITPOINT WARNING * * *
The revenant hits you but does no damage.
The spectral harpy misses you.
The spectral harpy claws you but does no damage.
You closely miss the revenant.
The revenant is heavily damaged.
You hit the spectral shard shrike but do no damage.
You barely miss the spectral harpy.
You are engulfed in spectral mist.
* * * LOW HITPOINT WARNING * * *
The spectral shard shrike claws you.
* * * LOW HITPOINT WARNING * * *
The spectral harpy claws you!
You die...

.# .##.. .X..# ##
.#.... .. # ##...
..#. . . .#.#
###.#. .#. .#.### #
....#.. #.....
###.)#.### ....#
#...#.. ##○#.#
#.#.....####§zZ#
#§.#.#.....○Z@# #..
.#...#..§Z§#
###.###.....#§#°...
..#...#..# ...#...#
.# #....#..#.#.
..#.. ....#...#....
.## .
....#..#...##.###
#.##### ####


You could see a revenant, 2 spectral harpies and a spectral shard shrike
(summoned).

Vanquished Creatures
  A deep elf sorcerer (Abyss:3)
  A spriggan zombie (Abyss:3)
  2 hydras
  A boulder beetle (Lair:3)
  A two-headed ogre (D:8)
  5 death yaks (Lair:4)
  3 catoblepae
  4 thrashing horrors (Lair:5)
  Sonja (Lair:2)
  A skyshark (Lair:2)
  4 large abominations
  A lindwurm (Lair:2)
  2 harpies (Lair:3)
  A harpy (shapeshifter) (Lair:5)
  2 ugly things (Lair:5)
  8 elephants (Lair:2)
  The ghost of pzskc383 the Chopper, a novice GrFi (D:6)
  3 black mambas
  A smoke demon (Lair:5)
  A cane toad (shapeshifter) (Lair:5)
  14 cane toads
  8 komodo dragons
  4 polar bears
  7 blink frogs (Lair:5)
  2 raiju (Lair:5)
  4 slime creatures
  2 ynoxinuls (Lair:5)
  A spriggan (Lair:5)
  6 wyverns
  Eustachio (D:6)
  29 yaks
  8 basilisks
  2 chaos spawn (Lair:5)
  A steam dragon (D:8)
  7 nagas (Lair:3)
  8 water moccasins
  3 sky beasts
  2 ice beasts
  5 ogres
  11 small abominations (Lair:5)
  11 wolves
  A centaur (D:7)
  Blork the orc (D:4)
  4 kobold brigands
  7 bullfrogs
  6 scorpions
  3 wights (D:8)
  A hound (D:5)
  An orc priest (D:7)
  Crazy Yiuf (D:2)
  8 jellies
  A sleepcap (D:8)
  4 iguanas
  Terence (D:2)
  Natasha (thrice) (D:4)
  2 orc wizards
  Robin (D:2)
  7 gnolls
  8 adders
  A shadow imp (D:7)
  A white imp (D:7)
  3 dart slugs
  24 orcs
  9 endoplasms
  A giant cockroach (D:1)
  14 goblins
  9 hobgoblins
  9 jackals
  A quokka (D:5)
  5 ball pythons
  4 bats
  4 frilled lizards
  25 kobolds
  11 rats
361 creatures vanquished.

Vanquished Creatures (others)
  An arcanist (D:3)
1 creature vanquished.

Grand Total: 362 creatures vanquished

Notes
Turn   | Place    | Note
-------+----------+-------------------------------------------
     0 | D:1      | Gargoyl the Gargoyle Berserker began the quest for the Orb.
     0 | D:1      | Reached XP level 1. HP: 14/14 MP: 1/1
   578 | D:1      | Reached XP level 2. HP: 19/19 MP: 2/2
  1089 | D:2      | Noticed Terence
  1090 | D:2      | Reached XP level 3. HP: 20/23 MP: 3/3
  1103 | D:2      | Killed Terence
  1231 | D:2      | Reached ** piety under Trog
  1232 | D:2      | Reached XP level 4. HP: 29/29 MP: 4/4
  1261 | D:2      | Noticed Robin
  1271 | D:2      | Killed Robin
  1342 | D:2      | Reached skill level 3 in Armour
  1772 | D:2      | Found a runed translucent door.
  1773 | D:2      | Noticed Crazy Yiuf
  2175 | D:2      | Killed Crazy Yiuf
  2176 | D:2      | Reached XP level 5. HP: 21/33 MP: 5/5
  2707 | D:3      | Found a snail-covered altar of Cheibriados.
  3035 | D:3      | Found a bloodstained altar of Trog.
  3039 | D:3      | Noticed an arcanist
  3044 | D:3      | Killed an arcanist
  3197 | D:3      | Found a glowing silver altar of Zin.
  3299 | D:4      | Noticed Natasha
  3328 | D:4      | Killed Natasha
  3329 | D:4      | Reached XP level 6. HP: 28/38 MP: 6/6
  3407 | D:4      | Noticed Blork the orc
  3411 | D:4      | Noticed Natasha
  3418 | D:4      | Killed Blork the orc
  3419 | D:4      | Reached skill level 4 in Armour
  3425 | D:4      | Killed Natasha
  3426 | D:4      | Reached skill level 5 in Axes
  3550 | D:4      | Found Mimn's Fire Supplies.
  3608 | D:4      | Identified the +11 whip of the Warrior {antimagic, Dex+4}
  3609 | D:4      | Noticed Natasha
  3626 | D:4      | Reached XP level 7. HP: 41/43 MP: 2/7
  3642 | D:4      | Killed Natasha
  3777 | D:4      | Found a sparkling altar of Nemelex Xobeh.
  4068 | D:5      | Entered Level 5 of the Dungeon
  4250 | D:5      | Found an opulent altar of Gozag.
  4409 | D:5      | Found a staircase to the Ecumenical Temple.
  4427 | D:5      | Reached skill level 5 in Armour
  4530 | D:5      | Reached *** piety under Trog
  4767 | D:5      | Reached XP level 8. HP: 46/48 MP: 8/8
  4767 | D:5      | Found an iron altar of Okawaru.
  5230 | D:6      | Reached skill level 5 in Fighting
  5230 | D:6      | Reached skill level 6 in Armour
  5350 | D:6      | Noticed Eustachio
  5399 | D:6      | Killed Eustachio
  5530 | D:6      | Found a large runed translucent door.
  5530 | D:6      | Found a large runed translucent door.
  5538 | D:6      | Noticed pzskc383's ghost (novice GrFi)
  5570 | D:6      | Reached skill level 7 in Armour
  5570 | D:6      | Reached XP level 9. HP: 54/54 MP: 9/9
  6082 | D:6      | Found a radiant altar of Vehumet.
  6082 | D:6      | Found a sacrificial altar of Ru.
  6082 | D:6      | Found a broken altar of Ashenzari.
  6082 | D:6      | Found an iron altar of Okawaru.
  6082 | D:6      | Found a broken altar of Ashenzari.
  6082 | D:6      | Found a glowing golden altar of the Shining One.
  6445 | D:6      | Killed pzskc383's ghost
  6446 | D:6      | Reached skill level 8 in Armour
  7280 | D:8      | Found a white marble altar of Elyvilon.
  7416 | D:8      | Reached XP level 10. HP: 60/60 MP: 10/10
  7426 | D:8      | Found a staircase to the Lair.
  7497 | D:8      | Noticed a two-headed ogre
  7520 | D:8      | Killed a two-headed ogre
  7521 | D:8      | Reached skill level 5 in Dodging
  7792 | D:8      | Reached skill level 9 in Armour
  8138 | Lair:1   | Entered Level 1 of the Lair of Beasts
  8210 | Lair:1   | Noticed a cane toad
  8220 | Lair:1   | Killed a cane toad
  8221 | Lair:1   | Reached skill level 1 in Long Blades
  8378 | Lair:1   | Noticed a cane toad
  8395 | Lair:1   | Killed a cane toad
  8759 | Lair:1   | Noticed a cane toad
  8773 | Lair:1   | Killed a cane toad
  8784 | Lair:1   | Reached XP level 11. HP: 25/67 MP: 11/11
  9647 | Lair:1   | Reached skill level 10 in Armour
 10021 | Lair:2   | Noticed a lindwurm
 10037 | Lair:2   | Killed a lindwurm
 10515 | Lair:2   | Noticed Sonja
 10523 | Lair:2   | Reached skill level 10 in Axes
 10523 | Lair:2   | Reached skill level 11 in Armour
 10550 | Lair:2   | Killed Sonja
 10744 | Lair:2   | Noticed a skyshark
 10758 | Lair:2   | Killed a skyshark
 10782 | Lair:2   | Reached XP level 12. HP: 68/74 MP: 12/12
 11122 | Lair:2   | Reached skill level 1 in Throwing
 11815 | Lair:3   | Noticed a catoblepas
 11819 | Lair:3   | Noticed a catoblepas
 11834 | Lair:3   | Killed a catoblepas
 11835 | Lair:3   | Reached skill level 1 in Stealth
 11838 | Lair:3   | Reached skill level 12 in Armour
 11840 | Lair:3   | Killed a catoblepas
 12075 | Lair:3   | Found a staircase to the Shoals.
 12286 | Lair:3   | Noticed a boulder beetle
 12302 | Lair:3   | Killed a boulder beetle
 12447 | Lair:3   | Found a staircase to the Snake Pit.
 13478 | Lair:4   | Noticed a four-headed hydra
 13788 | Lair:4   | Reached skill level 13 in Armour
 13788 | Lair:4   | Reached XP level 13. HP: 71/80 MP: 13/13
 14101 | D:4      | Bought a wand of flame (15) for 147 gold pieces
 14101 | D:4      | Bought a +1 pair of gloves of fire resistance for 231 gold
                  | pieces
 14668 | D:4      | Bought a +1 trident of flaming for 186 gold pieces
 15827 | Lair:5   | Entered Level 5 of the Lair of Beasts
 15880 | Lair:5   | Found a viscous altar of Jiyva.
 15880 | Lair:5   | Found a staircase to the Slime Pits.
 15917 | Lair:5   | Reached skill level 5 in Long Blades
 16015 | Lair:5   | Found a transporter.
 16322 | Lair:5   | Reached skill level 10 in Fighting
 16532 | Lair:5   | Reached skill level 14 in Armour
 16892 | Lair:5   | Found a corrupted altar of Lugonu.
 16892 | Lair:5   | Found a one-way gate to the infinite horrors of the Abyss.
 17121 | Lair:5   | Gained mutation: Your large and strong wings let you fly.
                  | [Gargoyle growth]
 17121 | Lair:5   | Reached XP level 14. HP: 81/88 MP: 14/14
 17154 | Lair:5   | Reached skill level 1 in Polearms
 17320 | Lair:5   | Noticed Conn's ghost (journeyman OpFE)
 17359 | Lair:5   | Found a transporter.
 17756 | Lair:5   | Gained mutation: You are somewhat resistant to further
                  | mutation. [potion of mutation]
 17759 | Abyss:2  | Cast into level 2 of the Abyss (spriggan rider)
 17833 | Abyss:3  | Found a corrupted altar of Lugonu.
 17947 | Abyss:3  | Noticed a deep elf sorcerer
 17956 | Abyss:3  | Killed a deep elf sorcerer
 17973 | Abyss:3  | Noticed a tentacled starspawn
 18016 | Abyss:3  | Noticed a revenant
 18020 | Abyss:3  | Noticed a spectral shard shrike
 18023 | Abyss:3  | Slain by a spectral harpy

Illustrated notes

Levels and vault maps discovered:
D:1:      minmay_arrival_nine_rooms, layout_loops_ring, kennysheep_another_room
D:2:      layout_basic, serial_bayou, serial_bayou_pond_d, serial_bayou_pond_c,
          serial_bayou_lagoon_b, serial_bayou_lake_a, serial_bayou_shore_b,
          serial_bayou_pond_b, minmay_misc_feat_rugged, uniq_robin,
          uniq_terence, uniq_crazy_yiuf_cottage
D:3:      layout_basic, zin_statuary, trog_wizard,
          mainiacjoe_overflow_tiny_flanked
D:4:      layout_basic, nemelex_xobeh_ov_fountains_minmay,
          nicolae_shop_fire_sale [nicolae_sub_dead_trees],
          hangedman_decor_slide_cut, lexackson_kobold_supper, uniq_natasha,
          uniq_blork_the_orc
D:5:      layout_basic, kennysheep_little_box, okawaru_gym_becter,
          minmay_temple_entry_ruins
D:6:      cheibrodos_fertilizer, layout_cave_pools, ebering_ghost_disaster_area,
          minmay_pentangle, uniq_eustachio
D:7:      wad_pebble_path, layout_basic
D:8:      layout_loops_ring, nicolae_elyvilon_peaceful_grove, lair_entry_dummy
Lair:1:   layout_loops_ring, pdpol_lair_neglected_garden, lemuel_fruit_tree,
          grunt_megastairs_3
Lair:2:   layout_cave_pods, serial_rivers, chequers_serial_rivers_room_a,
          chequers_serial_rivers_micro_c, chequers_serial_rivers_micro_b,
          chequers_serial_rivers_small_a, chequers_serial_rivers_micro_b,
          chequers_serial_rivers_micro_c, uniq_sonja
Lair:3:   layout_cave_pods, nicolae_shoals_entry_roost,
          minmay_snake_entry_guardpost_large, nzn_sisyphean_effort
Lair:4:   layout_cave_pods, grunt_megastairs_5
Lair:5:   hellmonk_lair_end_abyssal_woods, layout_loops_ring,
          minmay_slime_entry_pillars, gammafunk_ghost_abyssal_escape,
          nicolae_quartered_pool_little
Abyss:3:  base: D:15, minivault_25, serial_sigils_hangedman_shear

Skill      XL: |  1  2  3  4  5  6  7  8  9 10 11 12 13 14 |
---------------+-------------------------------------------+-----
Axes           | 3 4 5 7 8 9 10 11 12 13 | 13.0
Dodging        | 2 3 4 5 6 7 8 |  8.8
Armour         | 3 4 5 7 8 9 11 13 14 | 14.5
Fighting       | 4 5 6 7 8 9 10 11 | 11.0
Long Blades    | 4 5 |  5.0
Throwing       | 1 |  1.6
Stealth        | 1 |  1.9
Polearms       | 1 |  1.2
Evocations     | |  0.5

Action                     |  1- 3 |  4- 6 |  7- 9 | 10-12 | 13-15 || total
---------------------------+-------+-------+-------+-------+-------++-------
  Melee: Hand axe          |   113 |   207 |   450 |   527 |   425 ||  1722
         Punch             |     1 |     4 |     5 |    11 |    11 ||    32
         Long sword        |       |       |       |   162 |     7 ||   169
         Trident           |       |       |       |       |    14 ||    14
  Throw: Dart              |       |       |       |    10 |     3 ||    13
 Invoke: Berserk           |     1 |     5 |    12 |    16 |    11 ||    45
         Trog's Hand       |       |     1 |     4 |    14 |     9 ||    28
  Evoke: Wand              |       |       |       |     7 |       ||     7
    Use: Scroll            |     4 |     3 |     8 |     6 |     1 ||    22
         Potion            |       |     1 |       |     2 |     6 ||     9
   Stab: Petrified         |       |       |       |     2 |       ||     2
 Armour: Animal skin       |    67 |       |       |       |       ||    67
         Chain mail        |    28 |   210 |   479 |   704 |   350 ||  1771
  Dodge: Dodged            |    50 |   110 |   270 |   413 |   229 ||  1072

Table legend: (Time is in decaauts)
 A = Elapsed time spent in this place.
 B = Non-inter-level travel time spent in this place.
 C = Inter-level travel time spent in this place.
 D = Time resting spent in this place.
 E = Time spent auto-exploring this place.
 F = Levels seen in this place.
 G = Mean time per level.
                   A        B        C        D        E       F      G
               +--------+--------+--------+--------+--------+-----+--------+
         Total |  18246 |  17146 |   1100 |   1831 |  11457 |  15 | 1216.4 |
       Dungeon |   8751 |   7971 |    780 |    203 |   5796 |   8 | 1093.9 |
          Lair |   9235 |   8916 |    319 |   1476 |   5661 |   5 | 1847.0 |
         Abyss |    259 |    259 |      0 |    151 |      0 |   2 |  129.5 |
               +--------+--------+--------+--------+--------+-----+--------+

Top non-repeatable levels by time:
  Lair:2: 1972 daAuts
  Lair:5: 1880 daAuts
  Lair:4: 1859 daAuts
  Lair:1: 1803 daAuts
  Lair:3: 1719 daAuts
     D:6: 1685 daAuts
     D:2: 1480 daAuts
     D:5: 1120 daAuts
     D:3: 1007 daAuts
     D:8: 957 daAuts
     D:1: 907 daAuts
     D:4: 845 daAuts
     D:7: 747 daAuts
 Abyss:3: 200 daAuts
 Abyss:2: 59 daAuts
